 Dungeon Crawl Stone Soup version 0.20-a0-556-g892c87b (webtiles) character file.

2058 Goblin1989 the Basher (level 9, -8/66 HPs)
             Began as a Barachian Fighter on Feb 5, 2017.
             Was an Initiate of Okawaru.
             Mangled by a two-headed ogre
             ... wielding a +0 giant club
              (14 damage)
             ... on level 8 of the Dungeon.
             The game lasted 00:15:30 (7891 turns).

Goblin1989 the Basher (Barachian Fighter)           Turns: 7891, Time: 00:15:32

Health: -8/66      AC: 12    Str: 17    XL:     9   Next: 25%
Magic:  9/9        EV:  4    Int:  6    God:    Okawaru [......]
Gold:   390        SH:  9    Dex: 11    Spells: 8/8 levels left

rFire    . . .     SeeInvis .   w - +0 blowgun {@w1}
rCold    . . .     Gourm    +   A - +0 chain mail
rNeg     . . .     Faith    .   c - +0 shield
rPois    .         Spirit   .   (no helmet)
rElec    .         Reflect  .   (no cloak)
rCorr    .         Harm     .   D - +0 pair of gloves
MR       .....                  B - +0 pair of boots
Stlth    ..........             b - amulet of the gourmand
Regen    0.3/turn               (no ring)
                                (no ring)

@: slow
A: swims, slowness 1, strong legs 1
a: Hop, Renounce Religion


You were on level 8 of the Dungeon.
You worshipped Okawaru.
Okawaru was noncommittal.
You were very full.

You visited 2 branches of the dungeon, and saw 9 of its levels.

You collected 390 gold pieces.

Inventory:

Hand Weapons
 a - a +3 flail of holy wrath
 w - a +0 blowgun (weapon) {@w1}
Missiles
 d - 8 needles of paralysis
 x - 19 poisoned needles
 K - a needle of sleeping (quivered)
 Z - 2 throwing nets {!d, =f}
Armour
 c - a +0 shield (worn)
 A - a +0 chain mail (worn)
 B - a +0 pair of boots (worn)
 D - a +0 pair of gloves (worn)
 G - the +1 robe "Urhahon" {Dex+5, unknown}
   (You found it on level 5 of the Dungeon)

   It affects your dexterity (+5).
Jewellery
 b - an amulet of the gourmand (around neck)
Wands
 H - a wand of flame (26/48)
Scrolls
 f - 7 scrolls of teleportation {unknown}
 i - 2 scrolls of recharging {unknown}
 j - a scroll of immolation {unknown}
 l - 5 scrolls of remove curse {@r2}
 m - a scroll of blinking {unknown}
 n - 3 scrolls of enchant armour {unknown}
 r - 2 scrolls of enchant weapon {unknown}
 s - a scroll of random uselessness {unknown}
 t - a scroll of noise {unknown}
 y - 2 scrolls of fear {unknown}
 z - 3 scrolls of amnesia {unknown}
 E - a scroll of magic mapping {unknown}
 F - a scroll of fog {unknown}
Potions
 h - 5 potions of curing {curing, unknown}
 k - a potion of resistance
 o - 4 potions of flight {хз что, unknown}
 p - a potion of haste
 q - a potion of berserk rage
 u - a potion of brilliance
 v - a potion of cure mutation {!q}
 I - a potion of heal wounds
 J - a potion of invisibility
Comestibles
 e - 7 bread rations {@e1}
 g - 5 meat rations {@e2}
 C - 2 royal jellies


   Skills:
 + Level 4.6 Fighting
 * Level 10.8 Maces & Flails
 + Level 4.7 Armour
 + Level 3.9 Shields


You had 8 spell levels left.
You didn't know any spells.

Dungeon Overview and Level Annotations

Branches:
Dungeon (8/15)             Temple (1/1) D:5
   Lair: D:8-11

Altars:
Ashenzari
Dithmenos
Elyvilon
Fedhas
Gozag
Hepliaklqana
Makhleb
Nemelex Xobeh
Okawaru
Qazlal
Ru
Sif Muna
Trog
Uskayaw
Xom
Yredelemnul
Zin
The Shining One


Innate Abilities, Weirdness & Mutations

You can swim through water.
You cover ground slowly.
You can hop short distances.


Message History

The phantom hits you.
The phantom blinks!
You take 5 damage, and have 53/66 hp.
You hit the two-headed ogre but do no damage.
The hound bites you but does no damage.
The two-headed ogre hits you with a giant club!
The two-headed ogre hits you but does no damage.
You take 12 damage, and have 41/66 hp.
You hit the two-headed ogre.
The two-headed ogre is lightly wounded.
The hound barely misses you.
The two-headed ogre hits you with a giant club. x2
You block the hound's attack.
You take 6 damage, and have 35/66 hp.
You are too injured to fight recklessly!
You are too injured to fight recklessly!
You are too injured to fight recklessly!
You are too injured to fight recklessly!
You are too injured to fight recklessly!
You are too injured to fight recklessly!
You are too injured to fight recklessly!
You are too injured to fight recklessly!
You are too injured to fight recklessly!
You are too injured to fight recklessly!
You are too injured to fight recklessly!
You are too injured to fight recklessly!
You are too injured to fight recklessly!
You are too injured to fight recklessly!
You are too injured to fight recklessly!
You are too injured to fight recklessly!
You are too injured to fight recklessly!
You are too injured to fight recklessly!
You are too injured to fight recklessly!
You are too injured to fight recklessly!
You are too injured to fight recklessly!
The hound barely misses you. You block the hound's attack.
The phantom blinks!
You block the hound's attack. You block the hound's attack.
The hound bites you but does no damage.
Wield which item (- for none, * to show all)? (? for menu, Esc to quit)
Your +3 flail of holy wrath stops glowing.
w - a +0 blowgun (weapon)
{@w1} You block the hound's attack.
Quiver which item? (- for none, * to show all) (? for menu, Esc to quit)
Quivering
K - 8 needles of sleeping for blowguns.
Firing (i - inventory. (,) - cycle):
K - 8 needles of sleeping (quivered)
Press: ? - help, Shift-Dir - straight line, f - hound
Aim: a hound You shoot a needle of sleeping.
The needle of sleeping hits the hound.
The hound barks!
You block the hound's attack.
Firing (i - inventory. (,) - cycle):
K - 7 needles of sleeping (quivered)
Press: ? - help, Shift-Dir - straight line, f/p - hound
Aim: a hound You shoot a needle of sleeping.
The needle of sleeping barely misses the hound.
The needle of sleeping hits the two-headed ogre.
The two-headed ogre resists.
The hound bites you but does no damage.
Firing (i - inventory. (,) - cycle):
K - 6 needles of sleeping (quivered)
Press: ? - help, Shift-Dir - straight line, f/p - hound
Aim: a hound You shoot a needle of sleeping.
The needle of sleeping closely misses the two-headed ogre.
The needle of sleeping hits the hound.
You block the two-headed ogre's attack. The two-headed ogre barely misses you.
Firing (i - inventory. (,) - cycle):
K - 5 needles of sleeping (quivered)
Press: ? - help, Shift-Dir - straight line, f/p - hound
Aim: a hound (resting)
You shoot a needle of sleeping.
The needle of sleeping hits the two-headed ogre.
The two-headed ogre resists.
The hound barks!
Firing (i - inventory. (,) - cycle):
K - 4 needles of sleeping (quivered)
Press: ? - help, Shift-Dir - straight line, f - two-headed ogre, p - hound
Aim: a two-headed ogre, wielding two giant clubs You shoot a needle of sleeping.
The needle of sleeping hits the two-headed ogre.
The two-headed ogre resists.
You block the two-headed ogre's attack.
The two-headed ogre hits you with a giant club!
* * * LOW HITPOINT WARNING * * *
You take 14 damage, and have 23/66 hp.
O_OOPS!!
MASSIVE DAMAGE!!
Firing (i - inventory. (,) - cycle):
K - 3 needles of sleeping (quivered)
Press: ? - help, Shift-Dir - straight line, f/p - two-headed ogre
Aim: a two-headed ogre, wielding two giant clubs You shoot a needle of sleeping.
The needle of sleeping barely misses the two-headed ogre.
The needle of sleeping hits the hound.
You block the two-headed ogre's attack. The two-headed ogre barely misses you.
Firing (i - inventory. (,) - cycle):
K - 2 needles of sleeping (quivered)
Press: ? - help, Shift-Dir - straight line, f/p - two-headed ogre
Aim: a two-headed ogre, wielding two giant clubs You shoot a needle of sleeping.
The needle of sleeping hits the two-headed ogre.
The two-headed ogre resists.
The hound barks!
The two-headed ogre hits you with a giant club!
* * * LOW HITPOINT WARNING * * *
The two-headed ogre hits you with a giant club!
You die...

█.█ ██.██ █.█ █.█
██...██ █.█
█.█████<....████.█
█..........<.....█
█████████.████████
█.█ █.█ █.█ █@█


███████O█ █....██h█ ███.██.██W█ █.........█ .█.█.....█ █..█...█ .(......█.......
...█.........███ You could see a two-headed ogre, a phantom and a hound.

Vanquished Creatures
  Eustachio (D:4)
  Edmund (D:5)
  A sky beast (D:5)
  A phantom (D:5)
  3 centaurs
  3 ogres
  3 bullfrogs
  4 scorpions
  A howler monkey (D:6)
  A crimson imp (D:8)
  A hound (D:6)
  2 jellies
  An orc wizard (D:3)
  3 bullfrog skeletons (D:4)
  3 iguanas
  Jessica (D:2)
  Natasha (thrice) (D:3)
  2 worker ants
  2 hound skeletons
  A worker ant zombie (D:5)
  11 adders
  A shadow imp (D:5)
  2 oozes
  4 dart slugs
  5 leopard geckos
  3 orcs
  2 ball pythons
  11 bats
  3 giant cockroaches
  10 goblins
  7 hobgoblins
  6 jackals
  12 kobolds
  5 quokkas
  9 frilled lizards
  A jackal skeleton (D:6)
  A quokka skeleton (D:5)
  6 rats
137 creatures vanquished.

Notes
Turn   | Place    | Note
-------+----------+-------------------------------------------
     0 | D:1      | Goblin1989 the Barachian Fighter began the quest for the Orb.
     0 | D:1      | Reached XP level 1. HP: 18/18 MP: 1/1
   104 | D:1      | Reached XP level 2. HP: 13/24 MP: 2/2
   312 | D:1      | Reached skill level 3 in Maces & Flails
   708 | D:1      | Reached XP level 3. HP: 25/29 MP: 3/3
  1153 | D:2      | Reached skill level 4 in Maces & Flails
  1306 | D:2      | Reached XP level 4. HP: 35/35 MP: 4/4
  1745 | D:2      | Noticed Jessica
  1757 | D:2      | Killed Jessica
  1757 | D:2      | Reached skill level 5 in Maces & Flails
  1757 | D:2      | Reached XP level 5. HP: 37/41 MP: 5/5
  2919 | D:3      | Noticed Natasha
  2932 | D:3      | Killed Natasha
  2963 | D:3      | Noticed Natasha
  2974 | D:3      | Killed Natasha
  2974 | D:3      | Reached skill level 6 in Maces & Flails
  2974 | D:3      | Reached XP level 6. HP: 38/47 MP: 6/6
  3254 | D:3      | Noticed Natasha
  3264 | D:3      | Killed Natasha
  3522 | D:4      | Reached skill level 7 in Maces & Flails
  3556 | D:4      | Noticed Eustachio
  3570 | D:4      | Killed Eustachio
  3570 | D:4      | Reached XP level 7. HP: 46/52 MP: 7/7
  3936 | D:4      | Reached skill level 8 in Maces & Flails
  4104 | D:5      | Entered Level 5 of the Dungeon
  4465 | D:5      | Reached skill level 9 in Maces & Flails
  4465 | D:5      | Reached XP level 8. HP: 26/58 MP: 8/8
  4638 | D:5      | Noticed Edmund
  4663 | D:5      | Killed Edmund
  4797 | D:5      | Found a glowing golden altar of the Shining One.
  5063 | D:5      | Got a ripped robe
  5220 | D:5      | Reached skill level 10 in Maces & Flails
  5837 | D:5      | Found a staircase to the Ecumenical Temple.
  5847 | Temple   | Entered the Ecumenical Temple
  5959 | Temple   | Became a worshipper of Warmaster Okawaru
  6540 | D:6      | Reached XP level 9. HP: 58/65 MP: 9/9
  7117 | D:7      | Noticed a two-headed ogre
  7488 | D:7      | Noticed a red ugly thing
  7871 | D:8      | Noticed a two-headed ogre
  7891 | D:8      | Mangled by a two-headed ogre

Vault maps used:
D:1:      evilmike_arrival_crescent, corner_web_ring
D:2:      uniq_jessica
D:3:      kennysheep_generic_room_4, uniq_natasha
D:4:      lemuel_upstairs_altar, uniq_eustachio
D:5:      minmay_temple_entry_fiery, basic_altar, first_bread,
          grunt_ministairs_6, hangedman_abyss_or_decor_passed,
          kennysheep_generic_room_3, uniq_edmund
D:7:      the_bakery, hex_tiny, st_stairs_13, minmay_the_grid_2x2
D:8:      grunt_ministairs_4, uniq_maurice, uniq_pikel, uniq_joseph
Temple:   kilobyte_greek_temple

Skill      XL: |  1  2  3  4  5  6  7  8 |
---------------+-------------------------+-----
Maces & Flails | 3 4 5 6 7 9 10 | 10.8
Armour         | 4 |  4.7
Fighting       | 4 |  4.6
Shields        | |  3.9

Action                   |  1- 3 |  4- 6 |  7- 9 || total
-------------------------+-------+-------+-------++-------
Melee: Flail             |   144 |   301 |   249 ||   694
 Fire: Blowgun           |       |       |     7 ||     7
 Abil: Hop               |       |       |     1 ||     1
  Use: Scroll            |       |     5 |     4 ||     9
       Potion            |       |     1 |     2 ||     3
  Eat: Chunk             |     2 |     9 |    25 ||    36
Armor: Scale mail        |    73 |    89 |       ||   162
       Chain mail        |       |    92 |   105 ||   197
Dodge: Dodged            |    32 |    82 |    28 ||   142
Block: Shield            |    88 |   154 |    88 ||   330

Vault maps used:
D:1:      evilmike_arrival_crescent, corner_web_ring
D:2:      uniq_jessica
D:3:      kennysheep_generic_room_4, uniq_natasha
D:4:      lemuel_upstairs_altar, uniq_eustachio
D:5:      minmay_temple_entry_fiery, basic_altar, first_bread,
          grunt_ministairs_6, hangedman_abyss_or_decor_passed,
          kennysheep_generic_room_3, uniq_edmund
D:7:      the_bakery, hex_tiny, st_stairs_13, minmay_the_grid_2x2
D:8:      grunt_ministairs_4, uniq_maurice, uniq_pikel, uniq_joseph
Temple:   kilobyte_greek_temple
